 Seeded DCSS version 0.30-a0-149-g7f746667c4 (webtiles) character file.

Game seed: 20220926 (custom seed)

51 a11behringer the Trooper (level 3, -3/31 HPs)
             Began as a Palentonga Fighter on Sept 26, 2022.
             Slain by a gnoll
             ... wielding a +0 halberd
              (11 damage)
             ... on level 2 of the Dungeon.
             The game lasted 00:02:14 (1074 turns).

a11behringer the Trooper (Palentonga Fighter)       Turns: 1074, Time: 00:02:15

Health: -3/31      AC:  7    Str: 23    XL:     3   Next: 57%
Magic:  3/3        EV:  7    Int:  8    God:
Gold:   56         SH:  4    Dex:  9    Spells: 2/2 levels left

rFire   . . .      SeeInvis +    a - +0 flail
rCold   . . .      Faith    .    c - +0 buckler
rNeg    + . .      Spirit   .    b - +0 scale mail
rPois   .          Reflect  .    h - +0 helmet
rElec   .          Harm     .    (no cloak)
rCorr   .          Rampage  .    (no gloves)
Will    .....                    (no barding)
Stlth   ..........               (no amulet)
HPRegen 0.10/turn                m - ring of positive energy
MPRegen 0.08/turn                (no ring)

@: no status effects
A: large, rugged brown scales 3, see invisible, deformed body, roll 1, armoured
tail
a: Rolling Charge


You were on level 2 of the Dungeon.
You visited 1 branch of the dungeon, and saw 2 of its levels.

You collected 56 gold pieces.

Inventory:

Hand Weapons
 a - a +0 flail (weapon)
Armour
 b - a +0 scale mail (worn)
 c - a +0 buckler (worn)
 h - a +0 helmet (worn)
Jewellery
 g - an amulet of faith
 m - a ring of positive energy (left hand)
Scrolls
 e - 5 scrolls of identify {unknown}
 j - a scroll of butterflies {unknown}
 k - a scroll of teleportation {unknown}
Potions
 d - 3 potions of might
 f - a potion of heal wounds {unknown}
 i - a potion of cancellation {unknown}
 l - a potion of lignification {unknown}


   Skills:
 + Level 3.3 Fighting
 * Level 2.9 Maces & Flails
 + Level 2.7 Armour
 + Level 3.1 Shields


You had 2 spell levels left.
You didn't know any spells.
Your spell library contained the following spells:

 Spells                   Type           Power      Damage    Failure   Level
 Magic Dart               Conj           0%         1d3       80%         1


Dungeon Overview and Level Annotations

Branches:
Dungeon (2/15)

Altars:


Innate Abilities, Weirdness & Mutations

You are completely covered in rugged brown scales. (AC +3, +7% HP)
You have supernaturally acute eyesight. (SInv)
Armour fits poorly on your strangely shaped body.
You can roll at nearby foes to attack.
You have a long armoured tail.


Message History

The gnoll shouts!
A gnoll comes into view. It is wielding a +0 whip.
The goblin hits you but does no damage.
You barely miss the goblin.
The gnoll shouts!
A gnoll comes into view. It is wielding a +0 whip.
The goblin completely misses you.
You hit the goblin but do no damage.
Your tail-slap misses the goblin.
The goblin completely misses you.
You hit the goblin.
The goblin is severely wounded.
The goblin hits you but does no damage. The goblin barely misses you.
You hit the goblin.
You kill the goblin!
The gnoll hits you but does no damage.
You closely miss the gnoll. You block the gnoll's attack.
You hit the gnoll.
The gnoll is heavily wounded.
The gnoll hits you but does no damage. You block the gnoll's attack.
A gnoll comes into view. It is wielding a +0 halberd.
You sock the gnoll!
You kill the gnoll!
The gnoll hits you but does no damage.
You closely miss the gnoll. You tail-slap the gnoll.
The gnoll is moderately wounded.
The gnoll hits you with a +0 whip! The gnoll hits you with a +0 whip.
You hit the gnoll.
The gnoll is heavily wounded.
The gnoll hits you with a +0 whip. The gnoll barely misses you.
The gnoll hits you but does no damage. The gnoll completely misses you.
You closely miss the gnoll. You tail-slap the gnoll!
The gnoll is almost dead.
The gnoll hits you with a +0 whip. x2
* * * LOW HITPOINT WARNING * * *
You are too injured to fight recklessly!
You are too injured to fight recklessly!
The gnoll hits you with a +0 whip.
* * * LOW HITPOINT WARNING * * *
The gnoll hits you from afar with a +0 halberd!
You die...

...........
..........
.......... #.......#
#.......# ...
######.......# .##..
.......)..#..#>
..... #.ggg.......
.. .... ####@.......
.... #..
#......?..<...#.##..
#.#)####............
##### #.#... ##
#.#..... #...#
#.#..... #.......
#...####.######..
#....... #...#....#
# #.......
#.....#### #.......
#........# ##
#..#....


You could see 3 gnolls.

Vanquished Creatures
  A gnoll (D:2)
  An adder (D:2)
  A worm (D:2)
  4 ball pythons (D:2)
  2 endoplasms
  A giant cockroach (D:2)
  7 goblins
  3 hobgoblins
  A quokka (D:1)
  A bat (D:1)
  4 kobolds
  3 rats
29 creatures vanquished.

Notes
Turn   | Place    | Note
-------+----------+-------------------------------------------
     0 | D:1      | a11behringer the Palentonga Fighter began the quest for the
                  | Orb.
     0 | D:1      | Reached XP level 1. HP: 19/19 MP: 1/1
   248 | D:1      | Reached XP level 2. HP: 23/25 MP: 2/2
   385 | D:1      | Found a faded altar of an unknown god.
   391 | D:1      | Got Plato's Teachings on the Impact
   824 | D:2      | Reached XP level 3. HP: 21/31 MP: 3/3
  1074 | D:2      | Slain by a gnoll

Illustrated notes

Levels and vault maps discovered:
D:1:      denvon_arrival_planthouse, layout_loops_cross,
          shapermc_ecumenical_altar_rom_forum, chequers_mini_garden,
          minivault_26, chequers_serial_rivers_room_b
D:2:      minmay_angry_zag, layout_rooms, serial_shops, shop,
          uniq_crazy_yiuf_cottage, uniq_terence

Skill      XL: |  1  2 |
---------------+-------+-----
Shields        | 3 |  3.1
Fighting       | |  3.3
Maces & Flails | |  2.9
Armour         | |  2.7

Action                   || total
-------------------------++-------
Melee: Flail             ||    63
       Tailslap          ||     4
Armor: Scale mail        ||    22
Dodge: Dodged            ||    18
Block: Buckler           ||    14

Table legend: (Time is in decaauts)
 A = Elapsed time spent in this place.
 B = Non-inter-level travel time spent in this place.
 C = Inter-level travel time spent in this place.
 D = Time resting spent in this place.
 E = Time spent auto-exploring this place.
 F = Levels seen in this place.
 G = Mean time per level.
                   A        B        C        D        E       F      G
               +--------+--------+--------+--------+--------+-----+--------+
         Total |   1094 |   1056 |     38 |      0 |    892 |   2 |  547.0 |
       Dungeon |   1094 |   1056 |     38 |      0 |    892 |   2 |  547.0 |
               +--------+--------+--------+--------+--------+-----+--------+

Top non-repeatable levels by time:
     D:1: 781 daAuts
     D:2: 313 daAuts
